 Dungeon Crawl Stone Soup version 0.25-a0-545-ge4db218afc (webtiles) character file.

Game seed: 8173084112304837986, levelgen mode: deterministic

200 Jannitor the Skirmisher (level 5, -5/29 HPs)
             Began as a Vine Stalker Fighter on Feb 21, 2020.
             Killed from afar by an orc wizard (9 damage)
             ... with a puff of frost
             ... on level 4 of the Dungeon.
             The game lasted 00:01:50 (1908 turns).

Jannitor the Skirmisher (Vine Stalker Fighter)      Turns: 1908, Time: 00:01:51

Health: -5/29      AC:  6    Str: 20    XL:     5   Next: 79%
Magic:  0/6        EV:  7    Int:  8    God:
Gold:   38         SH:  9    Dex: 13    Spells: 4/4 levels left

rFire    . . .     SeeInvis .   a - +0 war axe
rCold    . . .     Gourm    .   c - +0 kite shield
rNeg     . . .     Faith    .   b - +0 scale mail
rPois    .         Spirit   +   (no helmet)
rElec    .         Reflect  .   (no cloak)
rCorr    .         Harm     .   (no gloves)
MR       .....                  (no boots)
Stlth    ..........             (no amulet)
HPRegen  0.49/turn              (no ring)
MPRegen  0.10/turn              (no ring)

@: no status effects
A: fangs 2, regeneration 1, magic shield, antimagic bite, no potion heal 3, rot
immunity
a: no special abilities


You were on level 4 of the Dungeon.
You were not hungry.

You visited 1 branch of the dungeon, and saw 5 of its levels.

You collected 38 gold pieces.

Inventory:

Hand Weapons
 a - a +0 war axe (weapon)
Armour
 b - a +0 scale mail (worn)
 c - a +0 kite shield (worn)
Scrolls
 e - 2 scrolls of magic mapping {unknown}
 h - 3 scrolls of identify {unknown}
 j - a scroll of amnesia {unknown}
 k - 2 scrolls of teleportation {unknown}
 l - a scroll of remove curse {unknown}
Potions
 d - a potion of might
 i - a potion of stabbing {unknown}
Comestibles
 f - 6 rations
 g - a chunk of flesh


   Skills:
 * Level 3.9 Fighting
 + Level 2.9 Axes
 + Level 3.2 Armour
 + Level 3.5 Shields


You had 4 spell levels left.
You didn't know any spells.
Your spell library contained the following spells:

 Spells                   Type           Power        Failure   Level  Hunger
 Petrify                  Tmut/Erth      #.......     100%        4    #####..
 Alistair's Intoxication  Tmut/Pois      #.......     100%        5    ######.
 Lee's Rapid Deconstruct  Erth           #.........   100%        5    ######.
 Iron Shot                Conj/Erth      #.........   100%        6    #######


Dungeon Overview and Level Annotations

Branches:
Dungeon (5/15)
 Temple: D:4-7

Altars:
Dithmenos
Elyvilon
Yredelemnul


Innate Abilities, Weirdness & Mutations

You have extremely sharp teeth.
Your natural rate of healing is unusually fast.
When hurt, damage is shared between your health and your magic reserves.
Your bite disrupts and absorbs the magic of your enemies.
Potions cannot restore your health.
You are immune to rotting.


Message History

The orc wizard blinks!
Something hits you but does no damage. Something hits you.
* * * LOW HITPOINT WARNING * * *
There is a stone staircase leading up here.
Something hits you but does no damage. Something hits you.
* * * LOW HITPOINT WARNING * * *
You climb upwards.
Reactivating autopickup.
There is a stone staircase leading down here.
You start resting.
Something hits you but does no damage.
Deactivating autopickup; reactivate with Ctrl-A.
Something hits you but does no damage. Something hits you.
* * * LOW HITPOINT WARNING * * *
Something hits you but does no damage.
There is a stone staircase leading down here.
You closely miss something.
You hear some strange, mumbled words.
A puff of frost appears from out of thin air!
The puff of frost hits you!
You die...

#..............#.#.#.......###.#
#.#.######.###.#.#.#.......# #.#
#.#.#.####.###.#...#.......###.##
..#.#..............#.....#.......
###.#.####.###.#...#######.###.##
#.#......###.#.................
###.#..........#.#########.......
....#....(######.# #.........#.
................@# #.#######.#.
....#.....######.## #.# #.##
###.#.....# #...# #.# #.#.
###.#.....# #...# #.# #.#.
..#.#.....# #...####.#######.##
..#.#.#.#######..................
..#.#.#.# #......####.########.#
......#.####......# #.# #.#
###.#............## #.# #..


There were no monsters in sight!

Vanquished Creatures
  An orc priest (D:5)
  A hound (D:4)
  2 worker ants (D:4)
  A hound skeleton (D:4)
  2 adders
  2 worms
  A dart slug (D:4)
  3 leopard geckos
  6 orcs
  3 giant cockroaches
  4 goblins
  4 hobgoblins
  5 jackals (D:4)
  3 kobolds
  A quokka (D:4)
  2 bats (D:2)
  6 frilled lizards
  A rat (D:2)
48 creatures vanquished.

Notes
Turn   | Place    | Note
-------+----------+-------------------------------------------
     0 | D:1      | Jannitor the Vine Stalker Fighter began the quest for the
                  | Orb.
     0 | D:1      | Reached XP level 1. HP: 11/11 MP: 2/2
    40 | D:1      | Reached XP level 2. HP: 13/16 MP: 3/3
   401 | D:2      | Reached XP level 3. HP: 15/20 MP: 4/4
   670 | D:3      | Found a basalt altar of Yredelemnul.
   829 | D:4      | Gained mutation: Your natural rate of healing is unusually
                  | fast. [Vine Stalker growth]
   829 | D:4      | Reached XP level 4. HP: 12/24 MP: 3/5
   894 | D:4      | Found a shadowy altar of Dithmenos.
  1301 | D:4      | Identified the Handbook of Contamination and the Mountains
  1454 | D:4      | Found a white marble altar of Elyvilon.
  1528 | D:4      | Reached XP level 5. HP: 13/28 MP: 4/6
  1790 | D:5      | Entered Level 5 of the Dungeon
  1790 | D:5      | Noticed a centaur
  1908 | D:4      | Killed from afar by an orc wizard

Levels and vault maps discovered:
D:1:      nzn_arrival_water_spiral, layout_rooms, nrook_mini_vaults
D:2:      layout_rooms, bloody_trog, lemuel_coloured_pillars_altar,
          kennysheep_generic_room_4
D:3:      layout_rooms, lemuel_crystal_altar, yredelemnul_altar_generic,
          lemuel_round_altar, first_ration
D:4:      layout_basic, kennysheep_mini_moat, kennysheep_little_box
D:5:      layout_loops_corners, doesnt_xom_only_xom, vehumet_altar_wand_db,
          lemuel_temple_firewalk_a, columned_hall_lemuel, grunt_ministairs_2,
          hangedman_glass_teeth

Skill      XL: |  1  2  3  4 |
---------------+-------------+-----
Axes           | 2 |  2.9
Fighting       | 3 |  3.9
Shields        | 3 |  3.5
Armour         | 3 |  3.2

Action                   |  1- 3 |  4- 6 || total
-------------------------+-------+-------++-------
Melee: War axe           |    82 |    65 ||   147
       Bite              |    14 |    22 ||    36
  Eat: Chunk             |       |     3 ||     3
Armor: Scale mail        |    36 |    30 ||    66
Dodge: Dodged            |    26 |    22 ||    48
Block: Kite shield       |    41 |    43 ||    84

Table legend:
 A = Non-vault XP
 B = Vault XP
 C = Vault XP percentage of total XP
 D = Non-vault monster count
 E = Vault monster count
 F = Vault count percentage of total count
                 A         B        C        D         E       F
            +---------+---------+-------+---------+---------+-------
      Total |     287 |       0 |   0.0 |      48 |       0 |   0.0
            +---------+---------+-------+---------+---------+-------
        D:1 |      11 |       0 |   0.0 |       6 |       0 |   0.0
        D:2 |      32 |       0 |   0.0 |      13 |       0 |   0.0
        D:3 |      12 |       0 |   0.0 |       4 |       0 |   0.0
        D:4 |     177 |       0 |   0.0 |      20 |       0 |   0.0
        D:5 |      55 |       0 |   0.0 |       5 |       0 |   0.0
            +---------+---------+-------+---------+---------+-------
